 Dungeon Crawl Stone Soup version 0.29.1-14-g9c671dbff4 (webtiles) character file.

Game seed: 16971662778801571302

32 Cape the Chopper (level 3, 0/33 HPs)
             Began as a Minotaur Berserker on Feb 17, 2023.
             Was a Follower of Trog.
             Slain by Sigmund
             ... wielding a +0 scythe
              (10 damage)
             ... on level 2 of the Dungeon.
             The game lasted 00:02:43 (1057 turns).

Cape the Chopper (Minotaur Berserker)               Turns: 1057, Time: 00:02:44

Health: 0/33       AC:  2    Str: 23    XL:     3   Next: 8%
Magic:  2/2        EV: 10    Int:  4    God:    Trog [*.....]
Gold:   131        SH:  6    Dex:  9    Spells: 2/2 levels left

rFire   . . .      SeeInvis .   a - +0 hand axe
rCold   . . .      Faith    .   f - +0 kite shield
rNeg    . . .      Spirit   .   b - +0 animal skin
rPois   .          Reflect  .   (helmet restricted)
rElec   .          Harm     .   (no cloak)
rCorr   .          Rampage  .   (no gloves)
Will    .....                   (no boots)
Stlth   +.........              (no amulet)
HPRegen 0.11/turn               (no ring)
MPRegen 0.08/turn               (no ring)

@: hasted, very quick
A: horns 2, retaliatory headbutt
a: Renounce Religion, Berserk


You were on level 2 of the Dungeon.
You worshipped Trog.
Trog was aware of your devotion.
You visited 1 branch of the dungeon, and saw 2 of its levels.

You collected 131 gold pieces.

Inventory:

Hand Weapons
 a - a +0 hand axe (weapon)
Missiles
 i - 2 atropa-tipped darts (quivered)
Armour
 b - a +0 animal skin (worn)
 f - a +0 kite shield (worn)
Scrolls
 d - a scroll of poison {unknown}
 e - 4 scrolls of identify {unknown}
 h - a scroll of teleportation {unknown}
Potions
 g - a potion of heal wounds {unknown}


   Skills:
 + Level 3.9 Fighting
 * Level 4.2 Axes
 + Level 2.9 Armour
 + Level 2.5 Dodging
 + Level 0.7 Evocations


You had 2 spell levels left.
You didn't know any spells.
Your spell library was empty.

Dungeon Overview and Level Annotations

Branches:
Dungeon (2/15)

Altars:

Shops:
D:1 :*

Annotations:
D:2 Sigmund


Innate Abilities, Weirdness & Mutations

You have a pair of horns on your head.
You reflexively headbutt those who attack you in melee.


Message History

Trog accepts your kill.
You closely miss the kobold. The kobold closely misses you.
The kobold barely misses you. You furiously retaliate!
You headbutt the kobold!
You kill the kobold!
Trog accepts your kill.
No target in view!
e - 3 scrolls labelled SOAXOE KYCER (gained 1)
You see here a +0 dagger.
Found 2 atropa-tipped darts.
You see here 2 atropa-tipped darts.
i - 2 atropa-tipped darts You now have 116 gold pieces (gained 13).
e - 4 scrolls labelled SOAXOE KYCER (gained 1)
You now have 131 gold pieces (gained 15).
Sigmund the Dreaded comes into view.
He is wielding a +0 scythe.
Sigmund shouts!
Sigmund casts a spell at you.
You are confused.
You bump into the rock wall.
You bump into the rock wall.
Sigmund points at you and mumbles some strange words.
You are more confused.
Sigmund mumbles some strange words.
Sigmund flickers and vanishes!
Deactivating autopickup; reactivate with Ctrl-A.
You bump into the rock wall.
It was a potion of haste.
You feel yourself speed up.
You hear some strange, mumbled words.
A puff of flame appears from out of thin air!
The puff of flame hits you!
You barely miss something. Something hits you but does no damage.
You're too confused to move!
You miss something. Something hits you!
You hear some strange, mumbled words.
A puff of flame appears from out of thin air!
The puff of flame hits you!
You bump into the rock wall.
You feel less confused. Something hits you!
You die...

###..... #........#
#......# #........#
#......# #........#
#......# #........#
#......# #........#
#......#
#........#######......##
#......{.......#......##
#......@.#####.#.....†..
#####+#.................
#.#####.....###.## #.#
#...).##.... #..
+.....##..## ###
#....†##.## #.........##
##.......... #.#.###.###


There were no monsters in sight!

Vanquished Creatures
  A dart slug (D:2)
  4 endoplasms (D:1)
  2 giant cockroaches (D:1)
  2 hobgoblins (D:1)
  4 jackals (D:1)
  2 quokkas (D:1)
  2 ball pythons
  2 bats (D:1)
  A frilled lizard (D:1)
  4 goblins (D:1)
  A kobold (D:2)
  A rat (D:1)
26 creatures vanquished.

Notes
Turn   | Place    | Note
-------+----------+-------------------------------------------
     0 | D:1      | Cape the Minotaur Berserker began the quest for the Orb.
     0 | D:1      | Reached XP level 1. HP: 19/19 MP: 0/0
    52 | D:1      | Found Gututa's Book Boutique.
   184 | D:1      | Found Aferch's Assorted Antiques.
   234 | D:1      | Reached XP level 2. HP: 23/27 MP: 1/1
   462 | D:1      | Reached skill level 4 in Axes
   510 | D:1      | Found a faded altar of an unknown god.
   989 | D:2      | Reached XP level 3. HP: 33/33 MP: 2/2
  1042 | D:2      | Noticed Sigmund
  1057 | D:2      | Slain by Sigmund

Illustrated notes

Levels and vault maps discovered:
D:1:      psy_arrival_conway, layout_loops_cross, serial_shops, shop,
          nicolae_shop_crystal, chequers_ecumenical_altar_island
D:2:      layout_basic, minmay_misc_feat_roman, uniq_sigmund

Skill      XL: |  1  2 |
---------------+-------+-----
Axes           | 4 |  4.2
Fighting       | |  3.9
Armour         | |  2.9
Dodging        | |  2.5
Evocations     | |  0.7

Action                   || total
-------------------------++-------
Melee: Hand axe          ||    54
       Headbutt          ||     8
  Use: Potion            ||     1
 Stab: Sleeping          ||     1
Armor: Animal skin       ||     8
Dodge: Dodged            ||    38
